[Event "Titled Tuesday Blitz July 11 Late 2023"]
[White "AndresDelgado77"]
[Black "Vovk, Orest"]
[BlackFideId "14113490"]
[WhiteElo "2316"]
[BlackElo "2517"]
[Result "0-1"]
[Round "2"]
[TimeControl "180+2"]
[Date "2023.07.11"]
[WhiteClock "0:00:00"]
[BlackClock "0:00:12"]
[Board "104"]

1. e4 g5 2. d4 g4 3. Be2 h5 4. h3 d5 5. e5 c5 6. c3 Nc6 7. hxg4 Qb6 8. dxc5 Qxc5 9. Be3 Qa5 10. Rxh5 Rxh5 11. gxh5 Nxe5 12. Nf3 Ng4 13. Bd4 N8h6 14. Ne5 Nxe5 15. Bxe5 f6 16. b4 Qd8 17. Bf4 e5 18. Bxh6 Bxh6 19. Bb5+ Kf7 20. c4 Be6 21. cxd5 Qxd5 22. Qxd5 Bxd5 23. f3 Rc8 24. Nd2 Rc2 25. Nb3 Rxg2 26. Rd1 Bxf3 27. Rd7+ Ke6 28. Nc5+ Kf5 29. Nxb7 Be3 30. Nd6+ Kf4 31. h6 Rxa2 0-1


[Site "https://www.chess.com"]

[Event "Titled Tuesday Blitz July 11 Late 2023"]
[White "Bok, Benjamin"]
[Black "Khairat , Ahmed"]
[WhiteFideId "1017063"]
[BlackFideId "10624171"]
[WhiteElo "2977"]
[BlackElo "2413"]
[Result "1-0"]
[Round "2"]
[TimeControl "180+2"]
[Date "2023.07.11"]
[WhiteClock "0:01:53"]
[BlackClock "0:01:54"]
[Board "105"]

1. d4 e5 2. dxe5 f6 3. e4 Nc6 4. exf6 Nxf6 5. Nc3 Bb4 6. Bd3 O-O 7. Nf3 Qe7 8. O-O Bxc3 9. bxc3 Nxe4 10. Re1 Nxc3 11. Bxh7+ Kh8 12. Qd2 Qc5 13. Bd3 d6 14. Bb2 Rxf3 15. Re8+ 1-0


[Site "https://www.chess.com"]

[Event "Titled Tuesday Blitz July 11 Late 2023"]
[White "Haitin, Ilja"]
[Black "Durarbayli, Vasif"]
[WhiteFideId "4501764"]
[BlackFideId "13402935"]
[WhiteElo "2411"]
[BlackElo "2913"]
[Result "0-1"]
[Round "2"]
[TimeControl "180+2"]
[Date "2023.07.11"]
[WhiteClock "0:00:10"]
[BlackClock "0:01:09"]
[Board "106"]

1. Nf3 b6 2. e4 Bb7 3. Nc3 c5 4. d4 cxd4 5. Nxd4 e6 6. Bd3 a6 7. O-O Qc7 8. Kh1 g6 9. f4 Bg7 10. Nf3 d6 11. f5 Nf6 12. fxe6 fxe6 13. Ng5 Qe7 14. e5 dxe5 15. Nce4 Nbd7 16. Qe2 O-O 17. Bd2 Nd5 18. Bc4 b5 19. Bb3 Rf5 20. Rxf5 gxf5 21. Ng3 Nc5 22. c4 bxc4 23. Bxc4 h6 24. b4 Nd7 25. Nh3 N7f6 26. Re1 e4 27. Nf4 Nxf4 28. Bxf4 Nd5 29. Bc1 Rc8 30. Bb3 Qxb4 31. Rf1 Qb5 32. Qe1 Kh7 33. h3 Rg8 34. Nxe4 fxe4 35. Qxe4+ Kh8 36. Qxe6 Qxf1+ 37. Kh2 Qxg2+ 38. Kxg2 Nf4+ 39. Kf1 Nxe6 40. Bxe6 Rf8+ 0-1


[Site "https://www.chess.com"]

[Event "Titled Tuesday Blitz July 11 Late 2023"]
[White "Gertler, David"]
[Black "Tang, Andrew"]
[WhiteFideId "2017377"]
[BlackFideId "2059630"]
[WhiteElo "2409"]
[BlackElo "2908"]
[Result "0-1"]
[Round "2"]
[TimeControl "180+2"]
[Date "2023.07.11"]
[WhiteClock "0:01:45"]
[BlackClock "0:02:10"]
[Board "107"]

1. e4 b5 2. d4 Bb7 3. Bd3 e6 4. Qe2 a6 5. Nf3 c5 6. c3 Nf6 7. Nbd2 d6 8. e5 dxe5 9. dxe5 Nd5 10. Ne4 Nd7 11. a4 c4 12. Bc2 Qc7 13. O-O Nxe5 14. axb5 axb5 15. b3 Rxa1 0-1


[Site "https://www.chess.com"]

[Event "Titled Tuesday Blitz July 11 Late 2023"]
[White "Kanyamarala, Trisha"]
[Black "Beerdsen, Thomas"]
[WhiteFideId "45004722"]
[BlackFideId "1030108"]
[WhiteElo "2409"]
[BlackElo "2820"]
[Result "0-1"]
[Round "2"]
[TimeControl "180+2"]
[Date "2023.07.11"]
[WhiteClock "0:02:32"]
[BlackClock "0:02:50"]
[Board "108"]

1. c4 b5 2. cxb5 a6 3. bxa6 Bxa6 4. g3 h5 5. Bg2 c6 6. Nf3 d5 7. O-O Nd7 8. d4 Ngf6 9. Nc3 e6 10. Ne5 h4 11. e4 hxg3 12. fxg3 Nxe5 13. dxe5 Bc5+ 14. Kh1 Nh5 15. Rf3 dxe4 16. Qxd8+ Rxd8 17. Bg5 exf3 18. Bxf3 Rd3 19. Be4 Nxg3+ 20. Kg2 Nxe4 21. Nxe4 Be7 22. Rc1 Bxg5 23. Nxg5 Rd2+ 24. Kg3 Bb5 0-1


[Site "https://www.chess.com"]

[Event "Titled Tuesday Blitz July 11 Late 2023"]
[White "Gareyev, Timur"]
[Black "Carrasco Miranda, Andres"]
[WhiteFideId "14200937"]
[BlackFideId "3405990"]
[WhiteElo "2798"]
[BlackElo "2408"]
[Result "1-0"]
[Round "2"]
[TimeControl "180+2"]
[Date "2023.07.11"]
[WhiteClock "0:00:10"]
[BlackClock "0:00:18"]
[Board "109"]

1. e4 e5 2. f4 d5 3. exd5 exf4 4. Nf3 Nf6 5. Bc4 Bd6 6. O-O O-O 7. Nc3 c6 8. d4 cxd5 9. Nxd5 Nc6 10. c3 Bg4 11. Nxf4 Qc7 12. g3 Nxd4 13. Bxf7+ Rxf7 14. cxd4 Qb6 15. Qb3 Qxb3 16. axb3 Bxf3 17. Rxf3 Nd5 18. Ra5 Nxf4 19. Bxf4 Bxf4 20. Rxf4 Rxf4 21. gxf4 b6 22. Re5 Rd8 23. d5 Kf7 24. Kf2 Rc8 25. Ke3 Rc1 26. Kd2 Rc5 27. Kd3 Rc1 28. Re2 Rd1+ 29. Kc4 Rc1+ 30. Kd4 Rd1+ 31. Ke5 Ke7 32. b4 Kd7 33. b3 a5 34. bxa5 bxa5 35. Ra2 Re1+ 36. Kf5 Re3 37. Rxa5 Rxb3 38. Ra7+ Kd6 39. h4 Rg3 40. Ra5 Rg6 41. h5 Rf6+ 42. Kg4 h6 43. Ra6+ Kxd5 44. Rxf6 gxf6 45. Kf5 Kd4 46. Kxf6 Ke4 47. Kg6 Kxf4 48. Kxh6 Kf5 49. Kg7 Ke6 50. h6 1-0


[Site "https://www.chess.com"]

[Event "Titled Tuesday Blitz July 11 Late 2023"]
[White "Bazeev, German"]
[Black "Lalanne, Pablo"]
[WhiteFideId "24119350"]
[BlackFideId "112151"]
[WhiteElo "2797"]
[BlackElo "2407"]
[Result "1-0"]
[Round "2"]
[TimeControl "180+2"]
[Date "2023.07.11"]
[WhiteClock "0:01:08"]
[BlackClock "0:00:09"]
[Board "110"]

1. d4 Nf6 2. Nf3 e6 3. c4 d5 4. g3 Bb4+ 5. Bd2 Be7 6. Bg2 O-O 7. O-O c6 8. Qc2 Nbd7 9. Rd1 b6 10. Bf4 Ba6 11. Nbd2 c5 12. dxc5 bxc5 13. e4 d4 14. e5 Nh5 15. Ne4 Nxf4 16. gxf4 Nb6 17. b3 Bb7 18. Nfg5 g6 19. Rd3 Bxg5 20. Nxg5 Bxg2 21. Kxg2 Nd7 22. Rh3 Nxe5 23. Nxh7 d3 24. Qd1 Nc6 25. Nxf8 Qxf8 26. Rxd3 Nd4 27. Rxd4 cxd4 28. Qxd4 a5 29. Rd1 a4 30. c5 axb3 31. axb3 Qc8 32. Qe4 Rb8 33. b4 Qa6 34. c6 Qa4 35. c7 Rf8 36. Rd8 Qa6 37. b5 Qb6 38. Rxf8+ 1-0


[Site "https://www.chess.com"]

[Event "Titled Tuesday Blitz July 11 Late 2023"]
[White "Nikologorsky, Matfei"]
[Black "Krzyzanowski, Marcin"]
[WhiteFideId "24102474"]
[BlackFideId "1132199"]
[WhiteElo "2407"]
[BlackElo "2789"]
[Result "0-1"]
[Round "2"]
[TimeControl "180+2"]
[Date "2023.07.11"]
[WhiteClock "0:00:00"]
[BlackClock "0:00:02"]
[Board "111"]

1. e4 g6 2. d4 Bg7 3. h4 h6 4. h5 g5 5. f4 gxf4 6. Nf3 c5 7. c3 cxd4 8. cxd4 d5 9. e5 Nc6 10. Bxf4 Bf5 11. Bd3 Bxd3 12. Qxd3 e6 13. Nc3 a6 14. O-O Nge7 15. Ne2 Qb6 16. a3 O-O-O 17. b4 Kb8 18. Rfb1 Na7 19. a4 Rc8 20. b5 Rc4 21. bxa6 Qxa6 22. Nd2 Rc6 23. Qe3 Nf5 24. Qf2 Rc2 25. Rb3 Nc6 26. Rab1 Na5 27. Rb5 Rhc8 28. g4 Ne7 29. Be3 Rf8 30. Nf4 Nec6 31. Nd3 f6 32. exf6 Bxf6 33. Qg3+ Ka7 34. Nc5 Rxc5 35. dxc5 Nd4 36. Qc7 Ndc6 37. Rb6 Qd3 38. Rxb7+ Ka8 39. R7b6 Qxe3+ 40. Kg2 Qxd2+ 41. Kh3 Qe3+ 42. Kg2 Qe2+ 43. Kh3 Qf3+ 44. Qg3 Qxg3+ 45. Kxg3 Be5+ 46. Kg2 Ka7 47. R6b5 Bd4 48. Re1 e5 0-1


[Site "https://www.chess.com"]

[Event "Titled Tuesday Blitz July 11 Late 2023"]
[White "Morefield, Jason"]
[Black "Ncatt"]
[WhiteFideId "30920825"]
[WhiteElo "2788"]
[BlackElo "2406"]
[Result "0-1"]
[Round "2"]
[TimeControl "180+2"]
[Date "2023.07.11"]
[WhiteClock "0:00:00"]
[BlackClock "0:00:11"]
[Board "112"]

1. e4 c5 2. Nf3 Nc6 3. Bb5 g6 4. Bxc6 bxc6 5. O-O Bg7 6. Re1 Nf6 7. e5 Nd5 8. Nc3 Nc7 9. Ne4 Ne6 10. h4 O-O 11. d3 d5 12. Ng3 Rb8 13. h5 Ba6 14. Nh2 c4 15. dxc4 dxc4 16. Qg4 Qd7 17. Qh3 Rfd8 18. Ng4 Nd4 19. hxg6 fxg6 20. e6 Qd5 21. Bh6 Nxc2 22. Bxg7 Nxe1 23. Bc3 Nc2 24. Qh6 Nd4 25. Re1 Rb5 26. Ne4 Qf5 27. f3 Nxe6 28. Nef6+ exf6 29. Nxf6+ Kf7 30. Qxh7+ Ng7 31. Ne8 Qc5+ 32. Kf1 Qf8 33. Nxg7 Qg8 34. Qh3 Rd6 35. Nf5 Rxf5 36. Qxf5+ gxf5 0-1


[Site "https://www.chess.com"]

[Event "Titled Tuesday Blitz July 11 Late 2023"]
[White "Balla, Tamas-Kristof"]
[Black "Khanin, Semen"]
[WhiteFideId "1208497"]
[BlackFideId "4111990"]
[WhiteElo "2404"]
[BlackElo "2765"]
[Result "0-1"]
[Round "2"]
[TimeControl "180+2"]
[Date "2023.07.11"]
[WhiteClock "0:00:25"]
[BlackClock "0:01:41"]
[Board "113"]

1. e4 c5 2. c3 Nf6 3. e5 Nd5 4. d4 cxd4 5. Nf3 d6 6. cxd4 Nc6 7. Bc4 dxe5 8. dxe5 Nb6 9. Qxd8+ Nxd8 10. Bb3 g6 11. O-O Bg7 12. Nc3 Nc6 13. Bf4 Bg4 14. Ng5 O-O 15. Rfe1 Nd4 16. Bd1 Bf5 17. Rc1 Rac8 18. Nf3 Ne6 19. Bg3 Nc5 20. Bc2 Bxc2 21. Rxc2 Rfd8 22. h3 Nd3 23. Rd1 Nc4 24. Nb5 Ncxb2 25. Rb1 Rxc2 0-1


[Site "https://www.chess.com"]

[Event "Titled Tuesday Blitz July 11 Late 2023"]
[White "Goltsev, Dmitry"]
[Black "Prieto Aranguren, Alain"]
[WhiteFideId "24176710"]
[BlackFideId "2268906"]
[WhiteElo "2763"]
[BlackElo "2404"]
[Result "1-0"]
[Round "2"]
[TimeControl "180+2"]
[Date "2023.07.11"]
[WhiteClock "0:01:06"]
[BlackClock "0:00:16"]
[Board "114"]

1. e3 e5 2. Bd3 d5 3. c3 Nc6 4. Bc2 Nf6 5. d4 exd4 6. exd4 Bd6 7. Nf3 O-O 8. O-O Bg4 9. Bg5 h6 10. Bh4 Re8 11. Qd3 g6 12. Ba4 Bf5 13. Qd1 Be7 14. Ne5 Qd6 15. Bg3 Qe6 16. Re1 Ne4 17. f3 Nxe5 18. fxe4 Bg4 19. Qd2 Nc4 20. Qxh6 c6 21. Nd2 Nxb2 22. exd5 Qxd5 23. Bb3 Qg5 24. Bxf7+ Kxf7 25. Qh7+ Kf8 26. Rf1+ Bf5 27. Ne4 Qe3+ 28. Kh1 Qxe4 29. Be5 Qxe5 30. dxe5 Bg5 31. Rxf5+ gxf5 32. Qxf5+ Ke7 33. Qxg5+ Kd7 34. Rb1 Nc4 35. Rxb7+ Kc8 36. Qg7 1-0


[Site "https://www.chess.com"]

[Event "Titled Tuesday Blitz July 11 Late 2023"]
[White "Guzman Moneo, Alberto"]
[Black "Rozman, Levy"]
[WhiteFideId "2209616"]
[BlackFideId "2039877"]
[WhiteElo "2403"]
[BlackElo "2758"]
[Result "0-1"]
[Round "2"]
[TimeControl "180+2"]
[Date "2023.07.11"]
[WhiteClock "0:00:00"]
[BlackClock "0:00:21"]
[Board "115"]

1. e4 c6 2. Nf3 d5 3. d3 g6 4. e5 Bg7 5. d4 f6 6. c4 fxe5 7. dxe5 Bg4 8. cxd5 cxd5 9. Nc3 e6 10. Bb5+ Nd7 11. Bf4 a6 12. Be2 Bxf3 13. Bxf3 Ne7 14. Bg4 Qb6 15. Qe2 O-O 16. Bg3 Nf5 17. Bxf5 Rxf5 18. f4 Rc8 19. Rd1 g5 20. Bf2 Qa5 21. g3 gxf4 22. gxf4 Rxf4 23. Rg1 Kh8 24. Qd2 Rf5 25. Bd4 Nxe5 26. Rxg7 Nf3+ 27. Ke2 Nxd2 28. Re7+ e5 29. Rxe5 Rxe5+ 30. Kxd2 Re8 31. Re1 Qc7 32. Kd3 Qc4+ 0-1


[Site "https://www.chess.com"]

[Event "Titled Tuesday Blitz July 11 Late 2023"]
[White "Priasmoro, Novendra"]
[Black "Toktomushev, Teimur"]
[WhiteFideId "7105029"]
[BlackFideId "14176726"]
[WhiteElo "2753"]
[BlackElo "2396"]
[Result "1-0"]
[Round "2"]
[TimeControl "180+2"]
[Date "2023.07.11"]
[WhiteClock "0:01:00"]
[BlackClock "0:00:00"]
[Board "116"]

1. e4 c5 2. Nf3 e6 3. d4 cxd4 4. Nxd4 a6 5. Bd3 Bc5 6. Nb3 Ba7 7. Qe2 Ne7 8. Be3 O-O 9. O-O Nbc6 10. Nc3 b5 11. Bxa7 Rxa7 12. a3 Bb7 13. Qe3 Ba8 14. Rad1 Rc7 15. Nc5 Qc8 16. Nxa6 Qxa6 17. Nxb5 Rb7 18. Nd6 Qb6 19. Nxb7 Qxe3 20. fxe3 Bxb7 21. Bb5 Ne5 22. Rd4 d5 23. exd5 Bxd5 24. e4 Ba8 25. Rfd1 f5 26. Rd8 Bxe4 27. c4 N7c6 28. R8d6 Na5 29. Rxe6 Nexc4 30. b4 Nxa3 31. Ba6 Nc6 32. b5 Nb4 33. Rd7 Ra8 34. Ree7 Nxa6 35. Rxg7+ Kf8 36. bxa6 Rxa6 37. Rdf7+ Ke8 38. Rxh7 Rd6 39. Ra7 Rd1+ 40. Kf2 Rd2+ 41. Ke3 Nc4+ 42. Kf4 Rf2+ 43. Kg5 Rxg2+ 44. Kf6 1-0


[Site "https://www.chess.com"]

[Event "Titled Tuesday Blitz July 11 Late 2023"]
[White "dodoucb"]
[Black "Fantastic_Power"]
[WhiteElo "2393"]
[BlackElo "2742"]
[Result "0-1"]
[Round "2"]
[TimeControl "180+2"]
[Date "2023.07.11"]
[WhiteClock "0:00:00"]
[BlackClock "0:01:14"]
[Board "117"]

1. e4 Nf6 2. e5 Nd5 3. c4 Nb6 4. d4 d6 5. Nf3 Bg4 6. exd6 exd6 7. h3 Bh5 8. Be2 Be7 9. O-O O-O 10. Be3 Nc6 11. Nbd2 Bf6 12. Rc1 Re8 13. d5 Ne7 14. Qc2 Bg6 15. Bd3 Bxd3 16. Qxd3 Bxb2 17. Ng5 Ng6 18. Rb1 Bf6 19. Nge4 Rb8 20. a4 Nxa4 21. Bxa7 Ra8 22. Be3 b6 23. Nxf6+ Qxf6 24. Ne4 Qd8 25. Bd4 Nc5 26. Nxc5 bxc5 27. Bb2 Qg5 28. Kh1 Nf4 29. Qg3 Qxg3 30. fxg3 Ne2 31. Rf3 Rab8 32. Rf2 Nxg3+ 33. Kh2 Ne4 34. Rc2 Rb4 35. Rbc1 Reb8 36. Ba3 Ra4 37. Ra1 Rba8 38. Rca2 h5 39. Kg1 Nc3 40. Re2 Nxe2+ 41. Kf2 Rxa3 0-1


[Site "https://www.chess.com"]

[Event "Titled Tuesday Blitz July 11 Late 2023"]
[White "Nasuta, Grzegorz"]
[Black "Cooklev, Steven"]
[WhiteFideId "1141686"]
[BlackFideId "2050552"]
[WhiteElo "2740"]
[BlackElo "2391"]
[Result "1-0"]
[Round "2"]
[TimeControl "180+2"]
[Date "2023.07.11"]
[WhiteClock "0:02:08"]
[BlackClock "0:00:52"]
[Board "118"]

1. e4 c5 2. Nf3 Nc6 3. Bb5 Nf6 4. Bxc6 dxc6 5. d3 Bg4 6. O-O Nd7 7. Nbd2 e5 8. h3 Bh5 9. Re1 Be7 10. Nc4 f6 11. Ne3 Nf8 12. Nf5 Ne6 13. Be3 O-O 14. g4 Bf7 15. c3 g6 16. Nh6+ Kh8 17. Nxf7+ Rxf7 18. Qb3 Qd7 19. Rad1 Raf8 20. d4 cxd4 21. cxd4 Nxd4 22. Nxd4 exd4 23. Bxd4 Qc8 24. Bxa7 h5 25. f3 hxg4 26. hxg4 Qc7 27. Kg2 Rh7 28. Rh1 Rf7 29. Qxf7 1-0


[Site "https://www.chess.com"]

[Event "Titled Tuesday Blitz July 11 Late 2023"]
[White "Campos, Maria Jose"]
[Black "Volovich, Vasily"]
[WhiteFideId "146803"]
[BlackFideId "34169676"]
[WhiteElo "2387"]
[BlackElo "2709"]
[Result "1-0"]
[Round "2"]
[TimeControl "180+2"]
[Date "2023.07.11"]
[WhiteClock "0:02:15"]
[BlackClock "0:01:09"]
[Board "119"]

1. c4 Nf6 2. g3 e6 3. Bg2 d5 4. Nf3 d4 5. O-O c5 6. e3 Nc6 7. exd4 cxd4 8. d3 Bd6 9. Bg5 O-O 10. Nbd2 e5 11. a3 Bf5 12. Qc2 a5 13. Rfe1 Re8 14. c5 Bc7 15. Nc4 h6 16. Bxf6 Qxf6 17. Nfd2 Qg6 18. Ne4 Bxe4 19. Bxe4 f5 20. Bg2 Rad8 21. Qb3 a4 22. Qxb7 Ba5 23. Qxc6 Qxc6 24. Bxc6 Bxe1 25. Bxe8 Bxf2+ 26. Kxf2 Rxe8 27. c6 Re6 28. Na5 e4 29. c7 1-0


[Site "https://www.chess.com"]

[Event "Titled Tuesday Blitz July 11 Late 2023"]
[White "Basso, Pier Luigi"]
[Black "EsmeraldasAnderson03"]
[WhiteFideId "866970"]
[WhiteElo "2700"]
[BlackElo "2380"]
[Result "0-1"]
[Round "2"]
[TimeControl "180+2"]
[Date "2023.07.11"]
[WhiteClock "0:00:00"]
[BlackClock "0:00:14"]
[Board "120"]

1. e4 c5 2. Nf3 d6 3. d4 cxd4 4. Qxd4 Nc6 5. Bb5 Bd7 6. Bxc6 Bxc6 7. Nc3 Nf6 8. Bg5 e5 9. Qd3 Be7 10. Bxf6 Bxf6 11. O-O-O Be7 12. Nd5 Bxd5 13. Qxd5 Qc7 14. Rd3 Qc6 15. Rhd1 Qxd5 16. Rxd5 Rc8 17. c3 g6 18. Nd2 f5 19. f3 Kf7 20. Kc2 Ke6 21. Rd3 fxe4 22. Nxe4 Rhd8 23. Rd5 g5 24. h3 h5 25. b3 Rg8 26. c4 g4 27. Nxd6 Rcf8 28. hxg4 hxg4 29. Nxb7 gxf3 30. gxf3 Rxf3 31. Nc5+ Bxc5 32. Rxc5 Rg2+ 33. Rd2 Rxd2+ 34. Kxd2 Rf2+ 35. Kd3 Rxa2 36. Rc6+ Kf5 37. Rc8 Rb2 38. Kc3 Rb1 39. Re8 e4 40. c5 Kf4 41. Kc2 Rh1 42. b4 a6 43. Kc3 e3 44. Re6 Rc1+ 45. Kb2 Rc4 46. Kb3 Re4 47. Rf6+ Ke5 48. Rf1 e2 49. Re1 Kd5 50. Kc3 a5 51. bxa5 Kxc5 52. Kd3 Re8 53. Kd2 Kb5 54. Rb1+ Kxa5 55. Ke1 Re7 56. Rb2 Ka4 0-1


[Site "https://www.chess.com"]

[Event "Titled Tuesday Blitz July 11 Late 2023"]
[White "Pulpan, Jakub"]
[Black "micke12a"]
[WhiteFideId "302759"]
[WhiteElo "2684"]
[BlackElo "2378"]
[Result "0-1"]
[Round "2"]
[TimeControl "180+2"]
[Date "2023.07.11"]
[WhiteClock "0:01:43"]
[BlackClock "0:00:34"]
[Board "121"]

1. c4 Nf6 2. Nc3 Nc6 3. d4 d5 4. cxd5 Nxd5 5. e4 Nxc3 6. bxc3 e5 7. d5 Ne7 8. Nf3 Ng6 9. Bb5+ Bd7 10. Rb1 b6 11. Bg5 f6 12. Bxd7+ Qxd7 13. Be3 Bd6 14. Nd2 c6 15. Nc4 Be7 16. Qb3 cxd5 17. exd5 Qxd5 18. O-O O-O 19. Rfd1 Qe6 20. Qa4 Rac8 21. Nd2 Rc7 22. Nb3 Rd8 23. Rxd8+ Bxd8 24. Rd1 Be7 25. Qe8+ Nf8 26. Qa4 Qc4 27. Qe8 Qc6 28. Qb8 Rb7 29. Qa8 Rd7 30. Qxc6 Rxd1# 0-1


[Site "https://www.chess.com"]

[Event "Titled Tuesday Blitz July 11 Late 2023"]
[White "Fieberg, Samuel"]
[Black "Manelyuk, Daniil"]
[WhiteFideId "12901717"]
[BlackFideId "44173920"]
[WhiteElo "2377"]
[BlackElo "2648"]
[Result "1/2-1/2"]
[Round "2"]
[TimeControl "180+2"]
[Date "2023.07.11"]
[WhiteClock "0:00:16"]
[BlackClock "0:01:06"]
[Board "122"]

1. Nf3 d5 2. d4 Nf6 3. e3 g6 4. c4 Bg7 5. Nc3 O-O 6. cxd5 Nxd5 7. Bc4 Nb6 8. Bb3 N8d7 9. O-O c5 10. h3 cxd4 11. Nxd4 Nc5 12. Bc2 Bd7 13. Nb3 Nxb3 14. axb3 Bc6 15. Qxd8 Rfxd8 16. Rd1 a6 17. Bd2 Rac8 18. Be1 Nd5 19. Bd3 Nb4 20. Bc4 b5 21. Be2 Nc2 22. Rxd8+ Rxd8 23. Rc1 Nxe1 24. Rxe1 b4 25. Na4 a5 26. Rd1 Rxd1+ 27. Bxd1 Bxa4 28. bxa4 Bxb2 29. Bb3 Kg7 30. Kf1 Kf6 31. Ke2 e6 32. Kd3 Be5 33. Kc4 Bc7 34. Kc5 Ke5 35. f3 g5 36. Kc4 Bb6 37. Kd3 f5 38. g4 h6 39. Ba2 Kd6 40. Bb3 Ke7 41. Ba2 Kf6 42. Bb3 e5 43. e4 fxg4 44. fxg4 Ke7 45. Kc4 Kd6 46. Kb5 Bd8 47. Bc4 Ke7 48. Kc6 Kf6 49. Kd7 Bb6 50. Ke8 Kg6 51. Bb3 h5 52. Bf7+ Kh6 53. Ke7 Bd4 54. Kf6 Bc3 55. Bb3 Bb2 56. Kf7 Ba1 57. Kf6 Bd4 58. Kf5 Bc3 59. Bf7 Ba1 60. Kf6 Bc3 61. Ba2 hxg4 62. hxg4 Bd4 63. Ke6 Ba1 64. Kf7 Bb2 65. Bb3 Bc3 66. Kf6 Bd4 67. Kf7 Be3 68. Ke6 Bd4 69. Kd5 Kg6 70. Kc6 Kf6 71. Kb5 Ke7 72. Kxa5 Kd6 73. Kxb4 Be3 74. Kb5 Bf2 75. Bd5 Be3 76. Ka6 Kc7 77. a5 Bf2 78. Kb5 Be3 79. a6 Ba7 80. Bb7 Kd6 81. Kc4 Bf2 82. Bd5 Ba7 83. Bb7 Bg1 84. Bc8 Ba7 85. Bf5 Bg1 86. Bc8 Ba7 87. Bb7 1/2-1/2


[Site "https://www.chess.com"]

[Event "Titled Tuesday Blitz July 11 Late 2023"]
[White "Fantinel, Thibault"]
[Black "Villuendas Valero, Adrian"]
[WhiteFideId "663395"]
[BlackFideId "2262460"]
[WhiteElo "2626"]
[BlackElo "2376"]
[Result "1-0"]
[Round "2"]
[TimeControl "180+2"]
[Date "2023.07.11"]
[WhiteClock "0:00:42"]
[BlackClock "0:00:00"]
[Board "123"]

1. d4 d6 2. Nf3 Nf6 3. Bf4 g6 4. c3 Bg7 5. Nbd2 O-O 6. e4 Nfd7 7. Be2 e5 8. dxe5 dxe5 9. Be3 c6 10. O-O Qc7 11. Nc4 Nb6 12. Qd6 Qxd6 13. Nxd6 Rd8 14. Nxc8 Nxc8 15. Rfd1 Nd7 16. Rd2 Ncb6 17. a4 Nf6 18. a5 Rxd2 19. Nxd2 Nbd7 20. f3 Bf8 21. Nc4 Nh5 22. Rd1 Nhf6 23. b4 c5 24. b5 b6 25. Ra1 Rb8 26. axb6 axb6 27. Ra7 Bg7 28. Bd1 Nf8 29. Bb3 Ne6 30. Nxe5 Nxe4 31. Nxf7 Nxc3 32. Bxe6 Re8 33. Ng5+ Kh8 34. Bd2 Nxb5 35. Rb7 Nd4 36. Bc4 h6 37. Ne4 Nc6 38. Rxb6 Ne5 39. Bf1 Nd7 40. Rxg6 Ra8 41. g3 Ra2 42. Bc3 Bxc3 43. Nxc3 1-0


[Site "https://www.chess.com"]

[Event "Titled Tuesday Blitz July 11 Late 2023"]
[White "GAO"]
[Black "Ozdemir, Serhan Berat"]
[BlackFideId "6374611"]
[WhiteElo "2375"]
[BlackElo "2620"]
[Result "0-1"]
[Round "2"]
[TimeControl "180+2"]
[Date "2023.07.11"]
[WhiteClock "0:00:41"]
[BlackClock "0:00:33"]
[Board "124"]

1. e4 c5 2. Nf3 e6 3. c3 d5 4. exd5 exd5 5. d4 Nf6 6. Bb5+ Nc6 7. O-O Be7 8. dxc5 Bxc5 9. Re1+ Be6 10. Nd4 O-O 11. Nxc6 bxc6 12. Bxc6 Qb6 13. Bxa8 Bxf2+ 14. Kh1 Bxe1 15. Qxe1 Rxa8 16. Qg1 Qb5 17. a4 Qe2 18. Be3 Qxb2 19. Nd2 a6 20. Nf3 Ne4 21. Bd4 Rb8 22. c4 Qc2 23. Be5 Nf2+ 24. Qxf2 Qxf2 25. Bxb8 dxc4 26. Be5 f6 27. Bd4 Qc2 28. Re1 Kf7 29. Rf1 Bd5 30. h3 Bxf3 31. Rxf3 Qxa4 32. Rc3 Qd1+ 33. Kh2 Qxd4 34. Ra3 Qd6+ 35. Kh1 Qxa3 36. Kh2 c3 37. Kh1 c2 38. Kh2 c1=Q 0-1


[Site "https://www.chess.com"]

[Event "Titled Tuesday Blitz July 11 Late 2023"]
[White "K2JW"]
[Black "profedechess93"]
[WhiteElo "2370"]
[BlackElo "2614"]
[Result "0-1"]
[Round "2"]
[TimeControl "180+2"]
[Date "2023.07.11"]
[WhiteClock "0:00:02"]
[BlackClock "0:01:19"]
[Board "125"]

1. d4 d5 2. c4 c6 3. Nc3 Nf6 4. e3 e6 5. Nf3 Nbd7 6. Be2 Bd6 7. O-O O-O 8. b3 Qe7 9. Bb2 Re8 10. Bd3 dxc4 11. bxc4 e5 12. c5 Bc7 13. Bc4 e4 14. Ng5 Rf8 15. Qb3 Bxh2+ 16. Kh1 Bc7 17. Bxf7+ Rxf7 18. Nxf7 Qxf7 19. Qxf7+ Kxf7 20. f3 exf3 21. gxf3 b6 22. cxb6 Nxb6 23. e4 Nc4 24. Bc1 Bb6 25. Rd1 Ba6 26. e5 Nd5 27. Ne4 h6 28. f4 Ke6 29. Ng3 Nce3 30. Bxe3 Nxe3 31. Rd2 Rf8 32. Re1 Ba5 33. Rxe3 Bxd2 34. f5+ Kd5 35. Ra3 Bb5 36. e6 a5 37. Kg2 Kxd4 38. Rf3 c5 39. Nh5 Bc6 40. Nxg7 Bxf3+ 41. Kxf3 Bg5 0-1


[Site "https://www.chess.com"]

[Event "Titled Tuesday Blitz July 11 Late 2023"]
[White "Pesotskiy, Mikhail"]
[Black "Veiga, Jose Francisco R P Neves"]
[WhiteFideId "34164453"]
[BlackFideId "1930087"]
[WhiteElo "2370"]
[BlackElo "2612"]
[Result "1/2-1/2"]
[Round "2"]
[TimeControl "180+2"]
[Date "2023.07.11"]
[WhiteClock "0:00:20"]
[BlackClock "0:00:16"]
[Board "126"]

1. d4 Nf6 2. c4 e6 3. Nc3 Bb4 4. Qc2 O-O 5. a3 Bxc3+ 6. Qxc3 d5 7. Bg5 h6 8. Bxf6 Qxf6 9. Nf3 c6 10. e3 Nd7 11. Be2 dxc4 12. Bxc4 Nb6 13. Ba2 Nd5 14. Qd3 c5 15. dxc5 Qxb2 16. O-O Qc3 17. Qd4 Qxd4 18. exd4 Ne7 19. Ne5 Rd8 20. Rfd1 Nc6 21. Nxc6 bxc6 22. Bb3 Ba6 23. Ba4 Rac8 24. Rab1 Kf8 25. f3 Ke7 26. Kf2 Rd5 27. Rb4 Rcd8 28. Bxc6 Rxc5 29. dxc5 Rxd1 30. Bb7 Bd3 31. c6 Rc1 32. Rd4 Bb5 33. Rd7+ Kf6 34. Rc7 a5 35. Rc8 Ke7 36. Kg3 f5 37. Rc7+ Kf6 38. h4 g5 39. Rh7 gxh4+ 40. Kxh4 Bxc6 41. Rxh6+ Ke5 42. Bxc6 Rxc6 43. Kg5 Rc3 44. f4+ Kd5 45. g4 Rg3 46. Rh4 Rxg4+ 47. Rxg4 fxg4 48. Kxg4 Ke4 49. Kg5 a4 50. Kg4 Kd4 51. Kg5 Kc3 52. Kf6 Kb3 53. Kxe6 Kxa3 54. f5 Kb2 55. f6 a3 56. f7 a2 57. f8=Q a1=Q 58. Qf6+ Kb1 59. Qxa1+ Kxa1 1/2-1/2


[Site "https://www.chess.com"]

[Event "Titled Tuesday Blitz July 11 Late 2023"]
[White "Vlassov, Nikolai"]
[Black "Davidson, Kevin"]
[WhiteFideId "4103360"]
[BlackFideId "2056810"]
[WhiteElo "2595"]
[BlackElo "2367"]
[Result "0-1"]
[Round "2"]
[TimeControl "180+2"]
[Date "2023.07.11"]
[WhiteClock "0:00:00"]
[BlackClock "0:00:05"]
[Board "127"]

1. e4 c5 2. c3 d5 3. exd5 Qxd5 4. d4 Nc6 5. Nf3 Bg4 6. Be2 cxd4 7. cxd4 e6 8. Nc3 Bb4 9. h3 Bh5 10. O-O Qa5 11. a3 Bxc3 12. bxc3 Nf6 13. Rb1 Qc7 14. Qb3 b6 15. Bg5 Ne4 16. Be3 O-O 17. c4 Na5 18. Qb5 Bxf3 19. Bxf3 Nc3 20. Qh5 Nxb1 21. Rxb1 Qxc4 22. Be4 g6 23. Qh6 Rad8 24. Bg5 Qxd4 25. Bxd8 Rxd8 26. Bf3 Qf6 27. Rc1 Nb3 28. Re1 Rd2 29. Qe3 Qd4 30. Qxb3 Qxf2+ 31. Kh2 Qxe1 32. Qc4 Qe5+ 33. Kg1 Qd4+ 34. Qxd4 Rxd4 35. Kf2 Ra4 36. Bc6 Rxa3 37. h4 f5 38. g4 Kg7 39. h5 gxh5 40. gxf5 exf5 41. Kg2 Kf6 42. Be8 Kg5 43. Bf7 a5 44. Bc4 Rc3 45. Bb5 Rc5 0-1


[Site "https://www.chess.com"]